 Dungeon Crawl Stone Soup version 0.26-a0-663-g36e8fdb655 (webtiles) character file.

Game seed: 16930651758317325792

72005 robertstho the Thaumaturge (level 15, -1/115 HPs)
             Began as a Gnoll Fire Elementalist on Oct 12, 2020.
             Was a High Priest of Vehumet.
             Slain by an alligator (4 damage)
             ... on level 2 of the Swamp.
             The game lasted 01:28:40 (33128 turns).

robertstho the Thaumaturge (GnFE)                  Turns: 33128, Time: 01:28:41

Health: -1/115     AC: 15    Str:  9    XL:     15   Next: 38%
Magic:  11/30      EV: 16    Int: 25    God:    Vehumet [*****.]
Gold:   1417       SH:  0    Dex: 16    Spells: 1/36 levels left

rFire    + . .     SeeInvis +   g - +7 trident of Wuuho Eso {vamp, +Blink rPois rF+ Str-3}
rCold    . . .     Faith    .   (no shield)
rNeg     . . .     Spirit   .   F - +0 troll leather armour
rPois    +         Reflect  .   a - +0 helmet {Int+3}
rElec    .         Harm     .   w - +0 cloak
rCorr    .         Rampage  .   H - +0 pair of gloves
MR       +....                  y - +0 pair of boots
Stlth    ++++......             u - amulet of regeneration
HPRegen  1.09/turn              x - +4 ring of protection
MPRegen  0.22/turn              o - ring of see invisible

@: grasped by roots, very slightly contaminated, slowed, constricted, lightly
drained, very slow
A: distributed training, fangs 1, strong nose
a: Renounce Religion, Evoke Blink


You were on level 2 of the Swamp.
You worshipped Vehumet.
Vehumet was extremely pleased with you.
You visited 5 branches of the dungeon, and saw 24 of its levels.
You also visited: Sewer, Bailey and Gauntlet.

You collected 2622 gold pieces.
You spent 1205 gold pieces at shops.

Inventory:

Hand Weapons
 g - the +7 trident of Wuuho Eso (weapon) {vamp, +Blink rPois rF+ Str-3}
   (You bought it in a shop on level 2 of the Orcish Mines)

   It inflicts no extra harm, but heals its wielder when it wounds a living foe.
   It affects your strength (-3).
   It protects you from fire.
   It protects you from poison.
   It lets you blink.
 E - the +5 falchion of Jemo {vorpal, rC++ Str+2}
   (You found it on level 6 of the Dungeon)

   It inflicts extra damage upon your enemies.
   It affects your strength (+2).
   It greatly protects you from cold.
 K - a +1 scimitar of flaming
 R - the +6 long sword of Xear Voa {vorpal, rF+ rC+ MR+ Str+4}
   (You found it on level 3 of the Lair of Beasts)

   It inflicts extra damage upon your enemies.
   It affects your strength (+4).
   It protects you from fire.
   It protects you from cold.
   It affects your resistance to hostile enchantments.
 W - the +7 great mace "Firestarter" {inner flame, rF++}
   (You found it on level 6 of the Lair of Beasts)

   It has been specially enchanted to burn those struck by it, causing extra
   injury to most foes and up to half again as much damage against particularly
   susceptible opponents.
   It greatly protects you from fire.
Missiles
 b - 48 poisoned darts (quivered)
Armour
 a - a +0 helmet of intelligence (worn)
 w - a +0 cloak (worn)
 y - a +0 pair of boots (worn)
 F - a +0 troll leather armour (worn)
 H - a +0 pair of gloves (worn)
Magical Staves
 X - an uncursed staff of cold
Jewellery
 j - an uncursed ring of resist corrosion
 o - a ring of see invisible (right hand)
 u - an amulet of regeneration (around neck)
 x - a +4 ring of protection (left hand)
 Q - an uncursed ring of flight
 U - an uncursed ring of fire
 Z - an uncursed ring of ice
Wands
 t - a wand of iceblast (10)
 N - a wand of disintegration (19)
 T - a wand of acid (25)
Scrolls
 c - 3 scrolls of identify
 d - 13 scrolls of remove curse
 e - 9 scrolls of teleportation
 h - 7 scrolls of magic mapping
 l - 6 scrolls of enchant armour
 m - 4 scrolls of amnesia
 n - 8 scrolls of enchant weapon
 p - 4 scrolls of immolation
 r - 2 scrolls of fog
 O - a scroll of blinking
Potions
 i - 8 potions of curing
 k - a potion of mutation
 s - 4 potions of haste
 v - 3 potions of brilliance
 A - 8 potions of resistance
 B - a potion of might
 C - a potion of heal wounds
 D - 3 potions of magic
 J - 4 potions of invisibility
 L - 2 potions of stabbing
 M - a potion of ambrosia
 S - 2 potions of flight
 V - a potion of cancellation


   Skills:
 + Level 10.0(9.5) Fighting
 + Level 10.0(9.5) Short Blades
 + Level 10.0(9.5) Long Blades
 + Level 10.0(9.5) Axes
 + Level 10.0(9.5) Maces & Flails
 + Level 10.0(9.5) Polearms
 + Level 10.0(9.5) Staves
 + Level 10.0(9.5) Slings
 + Level 10.0(9.5) Bows
 + Level 10.0(9.5) Crossbows
 + Level 10.0(9.5) Throwing
 + Level 10.0(9.5) Armour
 + Level 10.9(10.4) Dodging
 + Level 10.8(10.2) Stealth
 + Level 10.0(9.5) Shields
 + Level 10.0(9.5) Unarmed Combat
 + Level 11.1(10.5) Spellcasting
 + Level 8.7(8.2) Conjurations
 + Level 8.4(7.9) Hexes
 + Level 8.4(7.9) Summonings
 + Level 8.4(7.9) Necromancy
 + Level 8.4(7.9) Translocations
 + Level 8.4(7.9) Transmutations
 + Level 10.0(9.5) Fire Magic
 + Level 8.4(7.9) Ice Magic
 + Level 8.4(7.9) Air Magic
 + Level 8.4(7.9) Earth Magic
 + Level 8.4(7.9) Poison Magic
 + Level 10.8(10.3) Invocations
 + Level 10.0(9.5) Evocations


You had one spell level left.
You knew the following spells:

 Your Spells              Type           Power        Failure   Level
a - Foxfire               Conj/Fire      ####         1%          1
b - Conjure Flame         Conj/Fire      ######..     1%          3
c - Sticky Flame          Conj/Fire      ######..     1%          4
d - Fireball              Conj/Fire      ######....   1%          5
e - Conjure Ball Lightni  Conj/Air       ######....   9%          6
f - Freezing Cloud        Conj/Ice/Air   ######....   9%          6
g - Summon Ice Beast      Ice/Summ       ######..     2%          4
h - Summon Lightning Spi  Summ/Air       ######..     2%          4
i - Sublimation of Blood  Necr           ######....   1%          2

Your spell library contained the following spells:

 Spells                   Type           Power        Failure   Level
 Iskenderun's Battlesphe  Conj           ######..     1%          5
 Animate Skeleton         Necr           ######       1%          1
 Magic Dart               Conj           ####         1%          1
 Pain                     Necr           ####         1%          1
 Summon Small Mammal      Summ           ####         1%          1
 Blink                    Tloc           N/A          1%          2
 Call Imp                 Summ           ######..     1%          2
 Searing Ray              Conj           ######       1%          2
 Slow                     Hex            ######..     1%          2
 Call Canine Familiar     Summ           ######..     1%          3
 Confusing Touch          Hex            ######..     1%          3
 Dazzling Flash           Conj/Hex       ######       1%          3
 Gell's Gravitas          Tloc           ######....   1%          3
 Ignite Poison            Fire/Tmut/Pois ######..     1%          3
 Inner Flame              Hex/Fire       ######..     1%          3
 Mephitic Cloud           Conj/Pois/Air  ######..     1%          3
 Summon Guardian Golem    Hex/Summ       ######..     1%          3
 Vampiric Draining        Necr           ######....   1%          3
 Fulminant Prism          Conj/Hex       ######....   1%          4
 Iskenderun's Mystic Bla  Conj/Tloc      ######..     1%          4
 Irradiate                Conj/Tmut      ######....   1%          5
 Yara's Violent Unravell  Hex/Tmut       ######....   1%          5
 Animate Dead             Necr           ######....   2%          4
 Cause Fear               Hex            ######....   2%          4
 Petrify                  Tmut/Erth      ######..     2%          4
 Agony                    Necr           ######..     6%          5
 Alistair's Intoxication  Tmut/Pois      ######...    6%          5
 Metabolic Englaciation   Hex/Ice        ######....   6%          5
 Silence                  Hex/Air        ######....   6%          5
 Eringya's Noxious Bog    Tmut/Pois      ######....   34%         6
 Discord                  Hex            ######....   100%        8


Dungeon Overview and Level Annotations

Branches:
Dungeon (13/15)            Temple (1/1) D:5            Lair (6/6) D:9
  Swamp (2/4) Lair:3        Snake (0/4) Lair:4        Slime (0/5) Lair:6
    Orc (2/2) D:12            Elf (0/3) Orc:2         Sewer (visited)
 Bailey (visited)         Gauntlet (visited)
 Vaults: D:13-14

Altars:
Cheibriados
Dithmenos
Elyvilon
Fedhas
Gozag
Hepliaklqana
Nemelex Xobeh
Okawaru
Ru
Sif Muna
Trog
Uskayaw
Vehumet
Wu Jian
Xom
Yredelemnul
Zin
Beogh
Jiyva

Shops:
D:4 (   Orc:2 *[:(

Annotations:
D:10 2 transporters


Innate Abilities, Weirdness & Mutations

Your experience applies equally to all skills.
You have very sharp teeth.
Your uncanny sense of smell can sniff out nearby items.


Message History

Your ice beast freezes the alligator!
The alligator seems to slow down.
A tyrant leech comes into view.
The roots' grasp on you weakens, but your attempt to escape fails.
The insubstantial wisp thrums sharply.
You are struck by an arc of lightning!
* * * LOW HITPOINT WARNING * * *
Your ice beast is struck by an arc of lightning.
You are struck by an arc of lightning.
* * * LOW HITPOINT WARNING * * *
Your ice beast is struck by an arc of lightning. x2
The lightning grounds out.
The bog body is struck by an arc of lightning!
The lightning grounds out.
The bog body hits you!
* * * LOW HITPOINT WARNING * * *
The bog body touches you but does no damage.
* * * LOW HITPOINT WARNING * * *
The grasping roots constrict you!
The alligator bites you but does no damage.
The alligator tail-slaps you.
You die...

♣♣.♣...≈≈
♣...≈≈≈≈♣
♣.≈≈≈.f≈♣♣
♣.≈♣≈.≈≈≈
♣$≈≈≈.≈.♣
.≈≈.≈v≈♣
♣♣..♣.nt≈♣♣
w..≈.≈v@YY♣
♣♣.≈♣♣.♣≈..♣
♣♣ ≈.♣♣ ♣♣♣


You could see a shambling mangrove, an alligator (swift, slow), a tyrant leech
(wandering), a bog body, 2 insubstantial wisps and 2 friendly ice beasts.

Vanquished Creatures
  An orc warlord (Orc:2)
  An entropy weaver (Gauntlet)
  A minotaur (Gauntlet)
  Erica (D:10)
  2 hydras
  2 centaur warriors
  A catoblepas (Lair:6)
  6 two-headed ogres
  2 alligators (Swamp:1)
  A death yak (Lair:6)
  A hell knight (D:13)
  4 orc high priests (Orc:2)
  3 unseen horrors
  A lindwurm (Lair:6)
  A swamp dragon (Swamp:1)
  3 orc knights (Orc:2)
  2 deep elf magi (Orc:1)
  An oklob plant (Lair:3)
  2 manticores (D:12)
  4 orc sorcerers
  An ugly thing (D:12)
  A black mamba (Lair:2)
  A torpor snail (Lair:2)
  11 cane toads
  A gargoyle (D:11)
  10 elephants
  2 kobold demonologists (D:13)
  A yaktaur (D:13)
  2 centaur skeletons
  7 komodo dragons
  2 tyrant leeches (Swamp:1)
  9 trolls
  5 blink frogs
  A jumping spider (Gauntlet)
  3 slime creatures (D:13)
  5 hornets
  3 bog bodies (Swamp:1)
  5 flying skulls (Gauntlet)
  A vampire (D:13)
  7 wyverns
  2 spriggans (Swamp:1)
  2 wraiths (D:12)
  33 yaks
  2 basilisks (Lair:6)
  Grum (D:10)
  2 vampire mosquitoes (Swamp:2)
  2 wargs
  4 swamp worms (Swamp:1)
  A soldier ant (D:13)
  12 water moccasins
  4 hell hounds (D:13)
  4 swamp drakes
  4 ice beasts
  A sky beast (D:8)
  40 orc warriors
  5 black bears
  2 necrophages
  3 phantoms
  7 ogres
  19 wolves
  6 centaurs
  2 big kobolds
  8 bullfrogs
  A gnoll sergeant (D:7)
  4 scorpions
  5 killer bees (D:8)
  13 wights
  5 electric eels
  7 howler monkeys
  A crimson imp (Orc:1)
  2 bullfrog zombies
  20 orc priests
  6 hounds
  2 jellies
  5 bullfrog skeletons
  An iron imp (Orc:1)
  3 iguanas
  29 orc wizards
  A killer bee zombie (D:7)
  7 worker ants
  2 hound zombies
  2 worker ant zombies
  9 gnolls
  14 adders
  3 shadow imps
  A white imp (Orc:1)
  2 ufetubi
  An ooze (D:7)
  An adder zombie (D:5)
  4 worms
  3 dart slugs
  9 leopard geckos
  127 orcs
  6 bats
  4 giant cockroaches
  8 goblins
  6 hobgoblins
  3 jackals (Sewer)
  27 kobolds
  3 quokkas
  3 ball pythons (Sewer)
  13 frilled lizards
  A jackal skeleton (D:4)
  A leopard gecko zombie (D:8)
  A quokka skeleton (D:5)
  4 rats
  A bush (D:13)
655 creatures vanquished.

Vanquished Creatures (collateral kills)
  A catoblepas (Lair:6)
  5 hydras
  3 death yaks (Lair:6)
  A deep troll shaman (Lair:6)
  9 elephants
  A black mamba (Lair:2)
  A guardian serpent (Lair:4)
  A rime drake (Lair:4)
  3 komodo dragons
  A flying skull (Gauntlet)
  7 yaks
  A wyvern (Lair:4)
  A water moccasin (Lair:4)
  2 orc warriors (Orc:2)
  An ogre (Orc:1)
  5 wolves
  A bullfrog (Lair:4)
  An electric eel (Lair:5)
  2 orc wizards
  A ball lightning (Lair:4)
  2 orcs
  7 foxfires (Sewer)
57 creatures vanquished.

Vanquished Creatures (others)
  An orc wizard (Orc:1)
  An adder (D:3)
  3 ball lightnings
  An orc (Orc:1)
  1287 foxfires
  30 fungi
  49 plants
1372 creatures vanquished.

Grand Total: 2084 creatures vanquished

Notes
Turn   | Place    | Note
-------+----------+-------------------------------------------
     0 | D:1      | robertstho the Gnoll Fire Elementalist began the quest for
                  | the Orb.
     0 | D:1      | Reached XP level 1. HP: 13/13 MP: 6/6
    99 | D:1      | Reached XP level 2. HP: 19/19 MP: 4/7
   554 | D:2      | Found a hide-covered altar of Uskayaw.
   730 | D:2      | Reached skill level 5 in Spellcasting
   730 | D:2      | Reached XP level 3. HP: 25/25 MP: 5/9
   832 | D:2      | Reached skill level 1 in Invocations
  1102 | D:2      | Reached skill level 1 in Fighting
  1102 | D:2      | Reached skill level 1 in Short Blades
  1102 | D:2      | Reached skill level 1 in Long Blades
  1102 | D:2      | Reached skill level 1 in Axes
  1102 | D:2      | Reached skill level 1 in Maces & Flails
  1102 | D:2      | Reached skill level 1 in Polearms
  1102 | D:2      | Reached skill level 1 in Staves
  1102 | D:2      | Reached skill level 1 in Slings
  1102 | D:2      | Reached skill level 1 in Bows
  1102 | D:2      | Reached skill level 1 in Crossbows
  1102 | D:2      | Reached skill level 1 in Throwing
  1102 | D:2      | Reached skill level 1 in Armour
  1102 | D:2      | Reached skill level 1 in Shields
  1102 | D:2      | Reached skill level 1 in Unarmed Combat
  1102 | D:2      | Reached skill level 1 in Evocations
  1300 | D:2      | Reached XP level 4. HP: 32/32 MP: 7/11
  2063 | D:3      | Reached skill level 1 in Hexes
  2063 | D:3      | Reached skill level 1 in Summonings
  2063 | D:3      | Reached skill level 1 in Necromancy
  2063 | D:3      | Reached skill level 1 in Translocations
  2063 | D:3      | Reached skill level 1 in Transmutations
  2063 | D:3      | Reached skill level 1 in Ice Magic
  2063 | D:3      | Reached skill level 1 in Air Magic
  2063 | D:3      | Reached skill level 1 in Earth Magic
  2063 | D:3      | Reached skill level 1 in Poison Magic
  2345 | D:3      | Learned a level 3 spell: Conjure Flame
  2350 | D:3      | Learned a level 4 spell: Sticky Flame
  2378 | D:3      | Reached XP level 5. HP: 37/37 MP: 10/12
  2532 | D:3      | Found a white marble altar of Elyvilon.
  3004 | D:4      | Reached XP level 6. HP: 42/44 MP: 9/13
  3290 | D:4      | Found Omoutep's Weapon Boutique.
  3659 | D:5      | Entered Level 5 of the Dungeon
  3833 | D:5      | Found a bloodstained altar of Trog.
  3875 | D:5      | Reached skill level 5 in Dodging
  4126 | D:5      | Found a glowing drain.
  4135 | Sewer    | Entered a sewer
  5009 | D:5      | Reached XP level 7. HP: 49/50 MP: 10/15
  5043 | D:5      | Found a staircase to the Ecumenical Temple.
  5043 | D:5      | Noticed a two-headed ogre
  5341 | D:5      | Killed a two-headed ogre
  5341 | D:5      | Reached skill level 5 in Stealth
  5341 | D:5      | Reached skill level 6 in Spellcasting
  5341 | D:5      | Reached XP level 8. HP: 54/58 MP: 9/17
  5457 | D:5      | Found a blossoming altar of Fedhas.
  5478 | D:5      | Found a snail-covered altar of Cheibriados.
  5481 | D:5      | Found an iron altar of Okawaru.
  5484 | D:5      | Found a hazy altar of Hepliaklqana.
  5563 | Temple   | Entered the Ecumenical Temple
  5594 | Temple   | Became a worshipper of Vehumet
  5780 | D:6      | Found a sacrificial altar of Ru.
  5853 | D:6      | Got a brightly glowing falchion
  5853 | D:6      | Identified the +5 falchion of Jemo {vorpal, rC++ Str+2}
                  | (You found it on level 6 of the Dungeon)
  5960 | D:6      | Learned a level 5 spell: Fireball
  5997 | D:6      | Noticed a yak
  6006 | D:6      | Killed a yak
  6062 | D:6      | Noticed a yak
  6073 | D:6      | Killed a yak
  6117 | D:6      | Noticed a yak
  6117 | D:6      | Noticed a yak
  6118 | D:6      | Noticed a yak
  6131 | D:6      | Killed a yak
  6131 | D:6      | Reached XP level 9. HP: 65/65 MP: 9/18
  7008 | D:7      | Reached * piety under Vehumet
  7008 | D:7      | Offered knowledge of Freeze by Vehumet.
  7055 | D:7      | Found a sparkling altar of Nemelex Xobeh.
  7147 | D:7      | Found a glowing silver altar of Zin.
  7891 | D:8      | Reached skill level 5 in Invocations
  7977 | D:8      | Noticed a two-headed ogre
  8071 | D:8      | Offered knowledge of Searing Ray by Vehumet.
  8155 | D:8      | Reached ** piety under Vehumet
  8194 | D:8      | Reached skill level 7 in Spellcasting
  8198 | D:8      | Reached XP level 10. HP: 42/73 MP: 9/20
  8283 | D:8      | Killed a two-headed ogre
  8283 | D:8      | Reached skill level 5 in Fighting
  8283 | D:8      | Reached skill level 5 in Short Blades
  8283 | D:8      | Reached skill level 5 in Long Blades
  8283 | D:8      | Reached skill level 5 in Axes
  8283 | D:8      | Reached skill level 5 in Maces & Flails
  8283 | D:8      | Reached skill level 5 in Polearms
  8283 | D:8      | Reached skill level 5 in Staves
  8283 | D:8      | Reached skill level 5 in Slings
  8283 | D:8      | Reached skill level 5 in Bows
  8283 | D:8      | Reached skill level 5 in Crossbows
  8283 | D:8      | Reached skill level 5 in Throwing
  8283 | D:8      | Reached skill level 5 in Armour
  8283 | D:8      | Reached skill level 5 in Shields
  8283 | D:8      | Reached skill level 5 in Unarmed Combat
  8283 | D:8      | Reached skill level 5 in Evocations
  9414 | D:9      | Reached skill level 5 in Conjurations
  9661 | D:9      | Offered knowledge of Ignite Poison by Vehumet.
  9957 | D:9      | Reached *** piety under Vehumet
 10145 | D:9      | Found a staircase to the Lair.
 10575 | D:10     | Entered Level 10 of the Dungeon
 10641 | D:10     | Offered knowledge of Iskenderun's Mystic Blast by Vehumet.
 10790 | D:10     | Reached XP level 11. HP: 76/81 MP: 15/22
 10883 | D:10     | Found a flagged portal.
 10912 | Bailey   | Entered a bailey
 10931 | Bailey   | Reached **** piety under Vehumet
 11025 | Bailey   | Offered knowledge of Hailstorm by Vehumet.
 11329 | D:10     | Noticed a two-headed ogre
 11341 | D:10     | Killed a two-headed ogre
 11341 | D:10     | Reached skill level 5 in Hexes
 11341 | D:10     | Reached skill level 5 in Summonings
 11341 | D:10     | Reached skill level 5 in Necromancy
 11341 | D:10     | Reached skill level 5 in Translocations
 11341 | D:10     | Reached skill level 5 in Transmutations
 11341 | D:10     | Reached skill level 5 in Ice Magic
 11341 | D:10     | Reached skill level 5 in Air Magic
 11341 | D:10     | Reached skill level 5 in Earth Magic
 11341 | D:10     | Reached skill level 5 in Poison Magic
 11349 | D:10     | Reached skill level 8 in Spellcasting
 11523 | D:10     | Found a transporter.
 11541 | D:10     | Found a transporter.
 11541 | D:10     | Noticed a two-headed ogre
 11805 | D:10     | Noticed a two-headed ogre
 11813 | D:10     | Killed a two-headed ogre
 11852 | D:10     | Noticed Erica
 11862 | D:10     | Killed Erica
 11890 | D:10     | Noticed Grum
 12288 | D:11     | Noticed a centaur warrior
 12300 | D:11     | Killed a centaur warrior
 12300 | D:11     | Reached ***** piety under Vehumet
 12532 | D:11     | Offered knowledge of Conjure Ball Lightning by Vehumet.
 12615 | D:11     | Learned a level 6 spell: Conjure Ball Lightning
 13380 | D:11     | Found a sparkling altar of Nemelex Xobeh.
 13990 | D:12     | Found a staircase to the Orcish Mines.
 14131 | D:12     | Found a roughly hewn altar of Beogh.
 14217 | D:12     | Found an ornate altar of the Wu Jian Council.
 14229 | D:12     | Noticed a manticore
 14234 | D:12     | Reached XP level 12. HP: 85/89 MP: 13/24
 14726 | D:12     | Noticed a two-headed ogre
 14923 | D:12     | Killed a two-headed ogre
 15521 | D:13     | Noticed a centaur warrior
 15751 | D:10     | Killed Grum
 15975 | Lair:1   | Entered Level 1 of the Lair of Beasts
 16110 | D:9      | Reached skill level 9 in Spellcasting
 16986 | D:13     | Killed a centaur warrior
 17978 | D:13     | Noticed a hell knight
 17991 | D:13     | Killed a hell knight
 18006 | D:13     | Reached XP level 13. HP: 98/98 MP: 17/26
 18167 | Lair:1   | Offered knowledge of Freezing Cloud by Vehumet.
 19171 | Lair:1   | Learned a level 6 spell: Freezing Cloud
 19176 | Lair:1   | Learned a level 4 spell: Summon Ice Beast
 21100 | Lair:3   | Found a staircase to the Swamp.
 21673 | Lair:3   | Got a crude long sword
 21673 | Lair:3   | Identified the +6 long sword of Xear Voa {vorpal, rF+ rC+
                  | MR+ Str+4} (You found it on level 3 of the Lair of Beasts)
 22143 | Lair:4   | Found a staircase to the Snake Pit.
 22523 | Lair:4   | Reached skill level 10 in Spellcasting
 23878 | Lair:5   | Reached XP level 14. HP: 102/106 MP: 7/28
 24065 | Lair:5   | Reached skill level 10 in Dodging
 25464 | Lair:6   | Entered Level 6 of the Lair of Beasts
 25601 | Lair:6   | Reached skill level 10 in Stealth
 26194 | Lair:6   | Reached skill level 10 in Invocations
 26425 | Lair:6   | Found the +7 great mace "Firestarter" {inner flame, rF++}
 26500 | Lair:6   | Offered knowledge of Lee's Rapid Deconstruction by Vehumet.
 26727 | Lair:6   | Found a viscous altar of Jiyva.
 26727 | Lair:6   | Found a staircase to the Slime Pits.
 26989 | Lair:6   | Found a shimmering altar of Xom.
 27375 | Lair:2   | Learned a level 4 spell: Summon Lightning Spire
 27517 | Orc:1    | Entered Level 1 of the Orcish Mines
 28068 | Orc:1    | Offered knowledge of Lightning Bolt by Vehumet.
 28470 | Orc:2    | Entered Level 2 of the Orcish Mines
 28470 | Orc:2    | Found a staircase to the Elven Halls.
 28470 | Orc:2    | Found a gate leading to a gauntlet.
 28475 | Gauntlet | Entered a Gauntlet
 28475 | Gauntlet | Found a transporter.
 28475 | Gauntlet | Found a transporter.
 28479 | Gauntlet | Found a transporter.
 28479 | Gauntlet | Found a transporter.
 28479 | Gauntlet | Found a transporter.
 28481 | Gauntlet | Found a transporter.
 28491 | Gauntlet | Found a transporter.
 28493 | Gauntlet | Found a transporter.
 28498 | Gauntlet | Noticed a balrug
 28503 | Gauntlet | Found a transporter.
 28505 | Gauntlet | Found a transporter.
 28509 | Gauntlet | Noticed an entropy weaver
 28608 | Gauntlet | Found a transporter.
 28610 | Gauntlet | Found a transporter.
 28766 | Gauntlet | Paralysed by a hornet for 2 turns
 28890 | Gauntlet | Killed an entropy weaver
 29626 | Orc:2    | Noticed an orc warlord
 29732 | Orc:2    | Killed an orc warlord
 29732 | Orc:2    | Reached XP level 15. HP: 93/115 MP: 10/29
 30502 | Orc:2    | Learned a level 2 spell: Sublimation of Blood
 30549 | Orc:2    | Reached skill level 11 in Spellcasting
 30776 | Orc:2    | Reached ****** piety under Vehumet
 30969 | Orc:2    | Found Isic's General Store.
 30970 | Orc:2    | Found Ymuola's Book Shoppe.
 30971 | Orc:2    | Found Cyekubyg's Antique Armour Shoppe.
 30971 | Orc:2    | Found Wumabebu's Antique Weapon Emporium.
 30985 | Orc:2    | Bought a scroll of enchant armour for 105 gold pieces
 30985 | Orc:2    | Bought a scroll of identify for 28 gold pieces
 31124 | Orc:2    | Paralysed by an orc sorcerer for 5 turns
 31125 | Orc:2    | Reached skill level 10 in Fire Magic
 31320 | Orc:2    | Bought a shadowed robe for 171 gold pieces
 31330 | Orc:2    | Identified the cursed +0 robe "Napn" {*Drain *Slow Regen+
                  | Int+10} (You bought it in a shop on level 2 of the Orcish
                  | Mines)
 31350 | Orc:2    | Bought the +7 trident of Wuuho Eso {vamp, +Blink rPois rF+
                  | Str-3} for 901 gold pieces
 31547 | Swamp:1  | Entered Level 1 of the Swamp
 31689 | Swamp:1  | Offered knowledge of Iskenderun's Battlesphere by Vehumet.
 32057 | Swamp:1  | Reached skill level 10 in Fighting
 32057 | Swamp:1  | Reached skill level 10 in Short Blades
 32057 | Swamp:1  | Reached skill level 10 in Long Blades
 32057 | Swamp:1  | Reached skill level 10 in Axes
 32057 | Swamp:1  | Reached skill level 10 in Maces & Flails
 32057 | Swamp:1  | Reached skill level 10 in Polearms
 32057 | Swamp:1  | Reached skill level 10 in Staves
 32057 | Swamp:1  | Reached skill level 10 in Slings
 32057 | Swamp:1  | Reached skill level 10 in Bows
 32057 | Swamp:1  | Reached skill level 10 in Crossbows
 32057 | Swamp:1  | Reached skill level 10 in Throwing
 32057 | Swamp:1  | Reached skill level 10 in Armour
 32057 | Swamp:1  | Reached skill level 10 in Shields
 32057 | Swamp:1  | Reached skill level 10 in Unarmed Combat
 32057 | Swamp:1  | Reached skill level 10 in Evocations
 33128 | Swamp:2  | HP: 3/115 [shambling mangrove (8)]
 33128 | Swamp:2  | Slain by an alligator

Illustrated notes

Levels and vault maps discovered:
D:1:      mrwooster_arrival_statue_3, layout_rooms, minmay_heptomino_h4
D:2:      layout_basic, nicolae_overflow_crystal_walls,
          kennysheep_decorative_pillar
D:3:      layout_loops_ring, minmay_misc_feat_chi, elyvilon_altar_4
D:4:      layout_basic, serial_shops, shop, nrook_loot_triangle
D:5:      layout_rooms, kennysheep_mini_moat, grunt_temple_overflow_cloverleaf,
          minmay_temple_entry_junction_2, portal_sewer_entry_f,
          chequers_serial_rivers_room_b
D:6:      layout_cave_pods, nicolae_ru_awakened_eye
D:7:      layout_cave_pools, basic_altar, nemelex_dance_club_becter
D:8:      layout_cave_pods
D:9:      layout_long_grid, grunt_lair_entry_orc_guard_hut, st_stairs_13
D:10:     gammafunk_the_bubble [the_bubble_gammafunk_crates], layout_long_grid,
          lightli_bailey_entry_fortress, uniq_erica, uniq_grum
D:11:     layout_irregular_city, serial_rivers, chequers_serial_rivers_micro_d,
          chequers_serial_rivers_small_3, chequers_serial_rivers_micro_a,
          chequers_serial_rivers_micro_d, chequers_serial_rivers_small_a,
          nemelex_altar_shiori
D:12:     layout_rooms, minmay_orc_entry_temple_small, basic_altar,
          nicolae_wwwww, kennysheep_nondescript
D:13:     mludivico_vault, layout_cave_pools, serial_park, serial_park_avenue1,
          serial_park_paths [serial_park_minivault_5x5_3]
Temple:   compressed_dpeg_circular_temple
Lair:1:   layout_hall_layers, chequers_serial_rivers_micro_c, lemuel_fruit_tree,
          grunt_megastairs_2
Lair:2:   layout_cellular_growth, grunt_forest_small_clearing_treed,
          grunt_megastairs_1
Lair:3:   layout_gridlike, swamp_mist_pool
Lair:4:   layout_regular_city, minmay_snake_entry_spellcaster,
          beast_lair_carwin_10
Lair:5:   layout_cave_pods, serial_bayou_ford_a, serial_bayou_shore_a
Lair:6:   grunt_lair_end_beastmaster, layout_regular_city,
          dpeg_slime_entry_enclosed_altar, basic_altar, st_stairs_10
Swamp:1:  layout_basic_swamp, nicolae_swamp_treefoil
Swamp:2:  layout_falls_marsh, evilmike_swamp_ruin_house_3, swamp_pool2,
          infiniplex_staircase_pool_2
Orc:1:    layout_caves, nicolae_orc_pool_cavern, hangedman_minor_magic
Orc:2:    st_orc_congregation, layout_diamond_mine, gauntlet_entry_generic,
          nicolae_orc_lava_room

Skill      XL: |  1  2  3  4  5  6  7  8  9 10 11 12 13 14 15 |
---------------+----------------------------------------------+-----
Conjurations   | 2 3 4 5 6 7 8 |  8.7
Spellcasting   | 5 6 7 8 9 10 11 | 11.1
Invocations    | 1 2 3 4 5 6 7 8 9 10 | 10.8
Fighting       | 1 2 3 4 5 6 7 8 9 10 | 10.0
Short Blades   | 1 2 3 4 5 6 7 8 9 10 | 10.0
Long Blades    | 1 2 3 4 5 6 7 8 9 10 | 10.0
Axes           | 1 2 3 4 5 6 7 8 9 10 | 10.0
Maces & Flails | 1 2 3 4 5 6 7 8 9 10 | 10.0
Polearms       | 1 2 3 4 5 6 7 8 9 10 | 10.0
Staves         | 1 2 3 4 5 6 7 8 9 10 | 10.0
Slings         | 1 2 3 4 5 6 7 8 9 10 | 10.0
Bows           | 1 2 3 4 5 6 7 8 9 10 | 10.0
Crossbows      | 1 2 3 4 5 6 7 8 9 10 | 10.0
Throwing       | 1 2 3 4 5 6 7 8 9 10 | 10.0
Armour         | 1 2 3 4 5 6 7 8 9 10 | 10.0
Shields        | 1 2 3 4 5 6 7 8 9 10 | 10.0
Unarmed Combat | 1 2 3 4 5 6 7 8 9 10 | 10.0
Evocations     | 1 2 3 4 5 6 7 8 9 10 | 10.0
Hexes          | 1 2 3 4 5 6 7 8 |  8.4
Summonings     | 1 2 3 4 5 6 7 8 |  8.4
Necromancy     | 1 2 3 4 5 6 7 8 |  8.4
Translocations | 1 2 3 4 5 6 7 8 |  8.4
Transmutations | 1 2 3 4 5 6 7 8 |  8.4
Ice Magic      | 1 2 3 4 5 6 7 8 |  8.4
Air Magic      | 1 2 3 4 5 6 7 8 |  8.4
Earth Magic    | 1 2 3 4 5 6 7 8 |  8.4
Poison Magic   | 1 2 3 4 5 6 7 8 |  8.4
Dodging        | 5 6 7 8 9 10 | 10.9
Stealth        | 5 6 7 8 9 10 | 10.8
Fire Magic     | 6 7 8 9 10 | 10.0

Action                   |  1- 3 |  4- 6 |  7- 9 | 10-12 | 13-15 || total
-------------------------+-------+-------+-------+-------+-------++-------
Melee: Dagger            |     2 |    12 |       |       |       ||    14
       Bite              |       |     7 |     4 |    13 |    50 ||    74
       Flail             |       |    32 |     1 |       |       ||    33
       Falchion          |       |       |    10 |   102 |    37 ||   149
       Punch             |       |       |       |     3 |     9 ||    12
       Long sword        |       |       |       |       |   100 ||   100
       Great mace        |       |       |       |       |   236 ||   236
       Unarmed           |       |       |       |       |    11 ||    11
       Trident           |       |       |       |       |    41 ||    41
 Cast: Foxfire           |    61 |   149 |   186 |   364 |     4 ||   764
       Sticky Flame      |       |     2 |     8 |    53 |    44 ||   107
       Conjure Flame     |       |       |     1 |       |       ||     1
       Fireball          |       |       |       |   115 |    63 ||   178
       Summon Ice Beast  |       |       |       |       |   107 ||   107
       Freezing Cloud    |       |       |       |       |    97 ||    97
       Conjure Ball Ligh |       |       |       |       |     2 ||     2
       Summon Lightning  |       |       |       |       |     1 ||     1
       Sublimation of Bl |       |       |       |       |     2 ||     2
  Use: Scroll            |       |       |    12 |     9 |    10 ||    31
       Potion            |       |       |     1 |     4 |     3 ||     8
 Stab: Sleeping          |       |       |       |     1 |     2 ||     3
       Distracted        |       |       |       |       |     5 ||     5
Armor: Robe              |     1 |    15 |    11 |    37 |       ||    64
       Troll leather arm |       |       |       |    16 |   161 ||   177
Dodge: Dodged            |    14 |    62 |    56 |   257 |   560 ||   949
       Rpst.: Falchion   |       |       |    16 |    43 |    17 ||    76
       Long sword        |       |       |       |       |    26 ||    26

Table legend: (Time is in decaauts)
 A = Elapsed time spent in this place.
 B = Non-inter-level travel time spent in this place.
 C = Inter-level travel time spent in this place.
 D = Time resting spent in this place.
 E = Time spent auto-exploring this place.
 F = Levels seen in this place.
 G = Mean time per level.
                   A        B        C        D        E       F      G
               +--------+--------+--------+--------+--------+-----+--------+
         Total |  33536 |  31955 |   1581 |   6865 |  19718 |  27 | 1242.1 |
       Dungeon |  17442 |  16495 |    947 |   3744 |   9994 |  13 | 1341.7 |
        Temple |     48 |     31 |     17 |      0 |     23 |   1 |   48.0 |
          Lair |   9507 |   9071 |    436 |   1600 |   6359 |   6 | 1584.5 |
         Swamp |   1543 |   1517 |     26 |    406 |    942 |   2 |  771.5 |
  Orcish Mines |   3171 |   3018 |    153 |    834 |   1491 |   2 | 1585.5 |
         Sewer |    932 |    932 |      0 |     40 |    621 |   1 |  932.0 |
        Bailey |    121 |    121 |      0 |      0 |     51 |   1 |  121.0 |
      Gauntlet |    768 |    768 |      0 |    241 |    237 |   1 |  768.0 |
               +--------+--------+--------+--------+--------+-----+--------+

Top non-repeatable levels by time:
    D:12: 2299 daAuts
    D:11: 1996 daAuts
  Lair:4: 1989 daAuts
  Lair:5: 1836 daAuts
  Lair:6: 1802 daAuts
    D:10: 1797 daAuts
     D:8: 1687 daAuts
   Orc:1: 1614 daAuts
  Lair:2: 1598 daAuts
   Orc:2: 1556 daAuts
 Swamp:1: 1526 daAuts
     D:9: 1492 daAuts
     D:4: 1430 daAuts
     D:6: 1275 daAuts
  Lair:3: 1245 daAuts
